 Dungeon Crawl Stone Soup version 0.31-a0-859-g9dce7d3444 (webtiles) character file.

Game seed: 8469645721949924522

203 Dirtsage the Ruffian (level 5, 0/33 HPs)
             Began as an Octopode Shapeshifter on Oct 9, 2023.
             Slain by an orc
             ... wielding a +2 antimagic short sword
              (3 damage)
             ... on level 3 of the Dungeon.
             The game lasted 00:03:42 (2127 turns).

Dirtsage the Ruffian (Octopode Shapeshifter)        Turns: 2127, Time: 00:03:43

Health: 0/33       AC:  1    Str: 15    XL:     5   Next: 81%
Magic:  5/5        EV: 13    Int: 12    God:
Gold:   109        SH:  0    Dex: 12    Spells: 4/4 levels left

rFire   . .          .
                       - Unarmed
rCold   . . .        (no shield)
rNeg    . . .        (helmet currently unavailable)
rPois   .            (no amulet)
rElec   .            (no ring)
rCorr   .            (no ring)
SInv    .            (no ring)
Will    .....        (no ring)
Stlth   ++           (no ring)
HPRegen 0.25/turn    (no ring)
MPRegen 0.09/turn    (no ring)
                     (no ring)

%: no passive effects
@: beast-form
A: beast (slay +2), almost no armour, amphibious, 8 rings, camouflage 1,
gelatinous body 1, (nimble swimmer 1), tentacles
a: Begin Untransformation


You were on level 3 of the Dungeon.
You were a hulking beast.
You visited 1 branch of the dungeon, and saw 4 of its levels.

You collected 109 gold pieces.

Inventory:

Talismans
 b - a beast talisman (active)
 c - a flux talisman
Scrolls
 e - a scroll of revelation
 t - 2 scrolls of teleportation
Potions
 a - a potion of lignification
 d - 2 potions of enlightenment
 f - a potion of brilliance
 g - a potion of magic
 h - a potion of cancellation


   Skills:
 - Level 1.0 Fighting
 - Level 2.0 Dodging
 * Level 4.9 Unarmed Combat
 * Level 4.6 Shapeshifting


You had 4 spell levels left.
You didn't know any spells.
Your spell library contained the following spells:

 Spells                   Type           Power      Damage    Failure   Level
 Sting                    Tmut/Pois      0%         1d3       32%         1
 Poisonous Vapours        Pois/Air       0%         N/A       45%         2
 Olgreb's Toxic Radiance  Pois           0%         N/A       97%         4


Dungeon Overview and Level Annotations

Branches:
Dungeon (4/15)
 Temple: D:4-7

Altars:

Annotations:
D:4 Edmund


Innate Abilities, Weirdness & Mutations

You are a hulking beast.
Your limbs bulge with bestial killing power. (Slay +2)
You cannot wear most types of armour.
You are amphibious.
You can wear up to eight rings at the same time.
Your skin changes colour to match your surroundings (Stealth+).
Your rubbery body absorbs attacks. (AC +1, EV +1)
((You are camouflaged when in or above water. (Stealth+)))
You have tentacles for arms and can constrict up to eight enemies at once.


Message History

You swing at nothing.
You bludgeon the kobold!
You kill the kobold!
You swing at nothing.
The orc throws a boomerang.
The boomerang hits you.
* * * LOW HITPOINT WARNING * * *
You take 5 damage, and have 7/33 hp.
The orc throws a boomerang.
The boomerang hits you.
* * * LOW HITPOINT WARNING * * *
You take 2 damage, and have 5/33 hp.
There's nothing to close nearby.
The orc throws a boomerang.
The boomerang closely misses you.
The orc throws a boomerang.
The boomerang completely misses you.
The orc throws a boomerang.
The boomerang hits you.
* * * LOW HITPOINT WARNING * * *
You take 2 damage, and have 7/33 hp.
There is a stone staircase leading down here.
The orc throws a boomerang.
The boomerang misses you.
You climb downwards.
Edmund shouts!
There is a stone staircase leading up here.
There are monsters nearby!
You climb upwards.
There is a stone staircase leading down here.
The orc throws a boomerang.
The boomerang misses you.
MP restored: 5
Things that are here:
a +0 robe; a +0 dagger
Items here: ( )) [ ††.
The orc closely misses you.
You bludgeon the orc!
You kill the orc!
The orc unwields a +2 antimagic short sword.
The orc wields a +0 sling.
The orc shoots a sling bullet.
The sling bullet hits you!
* * * LOW HITPOINT WARNING * * *
You take 8 damage, and have 3/33 hp.
MASSIVE DAMAGE!!
The orc unwields a +0 sling.
The orc wields a +2 antimagic short sword.
The orc hits you with a +2 antimagic short sword.
You die...

#..#..# #.# #...
#.....###.######.##
#..............#.##
#.#.#####.####.#...
#>........## #.#...
#.#[[##....###.#.## #
#.#[.).............
###.##.#.###.)..###.#.#.
#.....oh....##### #.#.#.
######.########## #.#.#.
....[............. ..#...
#######.##.##############
#.##.............
#.##.####.####.#
#.##.#..')†..#.#
#.##.#..#.#o.#.#
#.##o#'##.#'##.#'##


You could see an orc.

Vanquished Creatures
  An orc priest (D:3)
  An orc wizard (D:3)
  5 gnolls
  2 adders
  2 worms
  4 dart slugs
  10 orcs (D:3)
  3 endoplasms
  4 goblins
  4 hobgoblins
  4 jackals (D:3)
  3 quokkas (D:3)
  2 ball pythons
  5 bats
  7 frilled lizards
  5 kobolds
  4 rats
66 creatures vanquished.

Notes
Turn   | Place    | Note
-------+----------+-------------------------------------------
     0 | D:1      | Dirtsage the Octopode Shapeshifter began the quest for the
                  | Orb.
     0 | D:1      | Reached XP level 1. HP: 13/13 MP: 1/1
   231 | D:1      | Reached XP level 2. HP: 17/18 MP: 2/2
   665 | D:1      | Reached XP level 3. HP: 6/23 MP: 3/3
  1440 | D:3      | Found a faded altar of an unknown god.
  1454 | D:3      | Reached XP level 4. HP: 28/28 MP: 4/4
  1813 | D:3      | Reached XP level 5. HP: 26/33 MP: 5/5
  2119 | D:4      | Noticed Edmund
  2127 | D:3      | Slain by an orc

Illustrated notes

Levels and vault maps discovered:
D:1:      lightli_arrival_noodles, layout_loops_corners, nicolae_grassy_gnolls
D:2:      layout_basic
D:3:      minmay_door_path, layout_basic, overflow_temple_1_default,
          hellmonk_ecumenical_altar_run_dry, kennysheep_generic_room_16,
          uniq_terence, uniq_natasha, uniq_ijyb
D:4:      layout_loops_ring, grunt_qazlal_sundering, hangedman_decor_growths,
          minmay_strange_pillars, minmay_hollow_rounded_squares, uniq_robin,
          uniq_edmund, uniq_duvessa, uniq_crazy_yiuf_cottage

Skill      XL: |  1  2  3  4 |
---------------+-------------+-----
Unarmed Combat | 4 |  4.9
Shapeshifting  | 4 |  4.6
Fighting       | |  1.0
Dodging        | |  2.0

Action                     |  1- 3 |  4- 6 || total
---------------------------+-------+-------++-------
  Melee: Unarmed           |    54 |    61 ||   115
         Constrict         |    16 |    17 ||    33
         Tentacles         |    13 |    10 ||    23
         Punch             |       |     1 ||     1
    Use: Scroll            |     6 |     1 ||     7
         Potion            |       |     4 ||     4
   Stab: Sleeping          |     7 |       ||     7
 Armour: Skin              |     9 |    46 ||    55
  Dodge: Dodged            |    34 |    44 ||    78

Table legend: (Time is in decaauts)
 A = Elapsed time spent in this place.
 B = Non-inter-level travel time spent in this place.
 C = Inter-level travel time spent in this place.
 D = Time resting spent in this place.
 E = Time spent auto-exploring this place.
 F = Levels seen in this place.
 G = Mean time per level.
                   A        B        C        D        E       F      G
               +--------+--------+--------+--------+--------+-----+--------+
         Total |   2119 |   1973 |    146 |    162 |   1392 |   4 |  529.8 |
       Dungeon |   2119 |   1973 |    146 |    162 |   1392 |   4 |  529.8 |
               +--------+--------+--------+--------+--------+-----+--------+

Top non-repeatable levels by time:
     D:1: 1062 daAuts
     D:3: 619 daAuts
     D:2: 436 daAuts
     D:4: 1 daAuts
